 Dungeon Crawl Stone Soup version 0.19-a0-1201-gda63bca (webtiles) character file.

1570 epen the Ducker (level 8, -2/63 HPs)
             Began as a Demonspawn Monk on Aug 20, 2016.
             Was a Believer of Cheibriados.
             Slain by Kenran's ghost (7 damage)
             ... on level 8 of the Dungeon.
             The game lasted 00:13:01 (8609 turns).

epen the Ducker (Demonspawn Monk)                   Turns: 8609, Time: 00:13:01

Health: -2/63      AC: 12    Str: 16    XL:     8   Next: 59%
Magic:  8/8        EV: 18    Int: 27    God:    Cheibriados [**....]
Gold:   269        SH:  0    Dex: 21    Spells: 0 memorised, 7 levels left

rFire  + . .     SeeInvis .     e - +2 dagger (protect)
rCold  . . .     Gourm    .     a - +1 robe
rNeg   . . .     Faith    .     (no shield)
rPois  .         Spirit   .     (helmet restricted)
rElec  .         Dismiss  .     (no cloak)
rCorr  .         Reflect  .     (no gloves)
MR     .....     Harm     .     (no boots)
Stlth  +++.......               (no amulet)
                                F - ring "Seamoery" {Int+5 Stlth+}
                                B - +3 ring of intelligence

@: very slow
A: horns 1, molten scales 3, demonic guardian 2, powered by pain 1
a: Bend Time, Renounce Religion


You were on level 8 of the Dungeon.
You worshipped Cheibriados.
Cheibriados was pleased with you.
You were not hungry.

You visited 2 branches of the dungeon, and saw 9 of its levels.

You collected 462 gold pieces.
You spent 193 gold pieces at shops.

Inventory:

Hand Weapons
 e - a +2 dagger of protection (weapon)
Missiles
 C - a throwing net (quivered)
Armour
 a - a +1 robe (worn)
Jewellery
 u - an uncursed ring of wizardry
 B - a +3 ring of intelligence (left hand)
 F - the ring "Seamoery" (right hand) {Int+5 Stlth+}
   (You bought it in a shop on level 7 of the Dungeon)

   [ring of stealth]

   It affects your intelligence (+5).
   It makes you more stealthy.
Wands
 x - a wand of random effects (14/48)
 y - a wand of iceblast (4/15)
 E - a wand of lightning (9/15)
 H - a wand of acid (12/15)
 I - a wand of iceblast (6/15)
Scrolls
 d - 4 scrolls of remove curse
 g - 3 scrolls of recharging
 j - 2 scrolls of teleportation
 k - a scroll of amnesia
 m - 2 scrolls of enchant armour
 s - a scroll of fear
 t - a scroll of identify
Potions
 f - 5 potions of curing
 h - a potion of mutation
 i - 2 potions of invisibility
 n - 2 potions of brilliance
 o - 2 potions of agility
 q - 5 potions of heal wounds
 z - a potion of cancellation
 A - 2 potions of lignification {unknown}
 D - a potion of magic
Books
 l - a book of Beasts

   Spells                             Type                      Level
   a - Summon Butterflies             Summoning                    1
   b - Call Canine Familiar           Summoning                    3
   c - Summon Ice Beast               Ice/Summoning                4
   d - Summon Mana Viper              Hexes/Summoning              5
   e - Summon Hydra                   Summoning                    7
Comestibles
 b - 7 bread rations
 c - a royal jelly
 p - 3 chunks of flesh
 r - 2 meat rations
 v - 3 beef jerkies
 J - a slice of pizza


   Skills:
 + Level 5.6 Fighting
 * Level 6.8 Dodging
 - Level 1.7 Stealth
 * Level 6.8 Unarmed Combat
 + Level 0.6 Invocations


You had 7 spell levels left.
You didn't know any spells.

Dungeon Overview and Level Annotations

Branches:
Dungeon (8/15)             Temple (1/1) D:7
   Lair: D:8-11

Altars:
Cheibriados
Dithmenos
Nemelex Xobeh
Okawaru
Ru
Yredelemnul
The Shining One

Shops:
D:7 :%*}*

Annotations:
D:1 1 runed door
D:8 Kenran's ghost, novice MfTm


Innate Abilities, Weirdness & Mutations

You have a pair of small horns on your head.
You are completely covered in molten scales. (AC +4, rF+)
A demonic guardian rushes to your aid.
You sometimes gain a little power by taking damage.


Message History

Kenran's ghost closely misses you.
Your ice devil hits Kenran's ghost but does no damage.
You miss Kenran's ghost.
Kenran's ghost is severely damaged.
Kenran's ghost shouts, "You will join me soon!"
Kenran's ghost hits you.
Your ice devil completely misses Kenran's ghost.
You closely miss Kenran's ghost. Your headbutt misses Kenran's ghost.
Kenran's ghost is severely damaged.
Your ice devil disappears in a puff of smoke!
Kenran's ghost hits you!
* * * LOW HITPOINT WARNING * * *
You swap places.
Your sixfirhy disappears in a puff of smoke!
Kenran's ghost hits you but does no damage.
Found 25 sling bullets.
Kenran's ghost hits you!
* * * LOW HITPOINT WARNING * * *
Kenran's ghost hits you!
You die...

......#...#...####.....##.....#.#
#######...#...# #.##......####.#
..........#... #.##..##..# ..
..........# .. .##..###.# .
..........#... ##.##< #.#
###########... #.(.. ..#
.............. #..# ..
..............###..#
................@..#
..............###W#....#
..####.###.### #.####.#
....##..##.#### #....#
........##....###....#.#
#.#.###......).........#
....####....#.###..###.#
#.#.........#.# #....# # .
#####.......# #..#.#


You could see Kenran's ghost.

Vanquished Creatures
  Prince Ribbit (D:5)
  An ice beast (D:7)
  A sky beast (D:7)
  2 ogres
  A centaur (D:5)
  A giant frog (D:8)
  A scorpion (D:7)
  A howler monkey (D:5)
  2 crimson imps (D:5)
  A giant frog zombie (D:7)
  3 hounds
  3 orc wizards
  8 worker ants
  9 adders
  2 gnolls (D:3)
  2 adder zombies (D:5)
  2 adder skeletons (D:4)
  6 worms
  2 dart slugs
  5 giant geckos
  11 orcs
  2 giant cockroaches
  10 hobgoblins
  13 jackals
  8 kobolds
  3 quokkas
  A ball python (D:3)
  9 bats
  2 giant gecko skeletons
  2 giant newts
  8 goblins
  A quokka skeleton (D:5)
  8 rats
132 creatures vanquished.

Vanquished Creatures (collateral kills)
  A hungry ghost (D:8)
  A centaur (D:6)
  A worker ant zombie (D:8)
  2 gnolls (D:3)
  3 orcs
8 creatures vanquished.

Vanquished Creatures (others)
  A kobold (D:2)
1 creature vanquished.

Grand Total: 141 creatures vanquished

Notes
Turn   | Place    | Note
-------+----------+-------------------------------------------
     0 | D:1      | epen the Demonspawn Monk began the quest for the Orb.
     0 | D:1      | Reached XP level 1. HP: 18/18 MP: 1/1
     1 | D:1      | Found a runed door.
   449 | D:1      | Gained mutation: You are partially covered in molten scales. (AC +2) [demonic ancestry]
   449 | D:1      | Reached XP level 2. HP: 18/24 MP: 2/2
  1261 | D:2      | Gained mutation: You have a pair of small horns on your head. [demonic ancestry]
  1261 | D:2      | Reached XP level 3. HP: 21/29 MP: 3/3
  1441 | D:2      | Found a glowing golden altar of the Shining One.
  1532 | D:2      | Gained mutation: A weak demonic guardian rushes to your aid. [demonic ancestry]
  1532 | D:2      | Reached XP level 4. HP: 12/35 MP: 4/4
  2058 | D:2      | Found a basalt altar of Yredelemnul.
  2154 | D:2      | Noticed an angel
  2360 | D:3      | HP: 1/36 [gnoll/halberd (11)]
  2537 | D:3      | Gained mutation: You sometimes gain a little power by taking damage. [demonic ancestry]
  2537 | D:3      | Reached XP level 5. HP: 18/41 MP: 5/5
  4290 | D:4      | Gained mutation: A demonic guardian rushes to your aid. [demonic ancestry]
  4290 | D:4      | Reached XP level 6. HP: 31/48 MP: 6/6
  4651 | D:4      | Found a shadowy altar of Dithmenos.
  4661 | D:4      | Found a sparkling altar of Nemelex Xobeh.
  5292 | D:5      | Entered Level 5 of the Dungeon
  5300 | D:5      | Reached skill level 5 in Dodging
  5362 | D:5      | Noticed Prince Ribbit
  5377 | D:5      | Killed Prince Ribbit
  5377 | D:5      | Reached skill level 5 in Unarmed Combat
  5377 | D:5      | Gained mutation: You are mostly covered in molten scales. (AC +3) [demonic ancestry]
  5377 | D:5      | Reached XP level 7. HP: 27/55 MP: 7/7
  7459 | D:7      | Reached skill level 5 in Fighting
  7466 | D:7      | Gained mutation: You are completely covered in molten scales. (AC +4, rF+) [mutagenic meat]
  7477 | D:7      | Found Gukus's Book Shop.
  7495 | D:7      | Found Atuyh's Assorted Antiques.
  7503 | D:7      | Bought a glittering ivory ring for 125 gold pieces
  7504 | D:7      | Identified the ring "Seamoery" {Int+5 Stlth+} (You bought it in a shop on level 7 of the Dungeon)
  7511 | D:7      | Found a staircase to the Ecumenical Temple.
  7513 | D:7      | Found a basalt altar of Yredelemnul.
  7520 | Temple   | Entered the Ecumenical Temple
  7524 | Temple   | Became a worshipper of Cheibriados the Contemplative
  7524 | Temple   | Reached * piety under Cheibriados
  7524 | Temple   | Reached ** piety under Cheibriados
  7571 | D:7      | Mutation became permanent: You are completely covered in molten scales. (AC +4, rF+) [demonic ancestry]
  7571 | D:7      | Reached XP level 8. HP: 53/62 MP: 8/8
  7727 | D:7      | Found Uruheh's Assorted Antiques.
  7741 | D:7      | Bought a scroll labeled QABIOXOVOQ for 17 gold pieces
  7741 | D:7      | Bought a scroll labeled PEHEKH ABRAEDI for 17 gold pieces
  7741 | D:7      | Bought a scroll labeled QABIOXOVOQ for 17 gold pieces
  7741 | D:7      | Bought a scroll labeled CYS NUUTEREY for 17 gold pieces
  7792 | D:7      | Found Potrac's Gadget Shoppe.
  7806 | D:7      | Found Xureph's Food Shop.
  8551 | D:8      | Noticed Kenran's ghost (novice MfTm)
  8609 | D:8      | Slain by Kenran's ghost

Vault maps used:
D:1:      dpeg_arrival_caged_fury
D:2:      grunt_temple_overflow_holy_war
D:3:      first_bread
D:4:      amethyst_overflow_temple_binary, kennysheep_generic_room_12
D:5:      uniq_prince_ribbit1
D:7:      basic_altar, serial_shops, shop, shop_fountains,
          nicolae_shop_statue_plus, shop_fountains,
          nicolae_shop_overgrown_old_shop
D:8:      eino_small_chamber_without_monster
Temple:   kb_temple_of_zot

Skill      XL: |  1  2  3  4  5  6  7  8 |
---------------+-------------------------+-----
Dodging        | 3 4 5 6 |  6.8
Unarmed Combat | 3 4 5 6 |  6.8
Fighting       | 4 5 |  5.6
Stealth        | |  1.7
Invocations    | |  0.6

Action                   |  1- 3 |  4- 6 |  7- 9 || total
-------------------------+-------+-------+-------++-------
Melee: Unarmed           |    71 |       |    15 ||    86
       Punch             |     4 |     9 |     8 ||    21
       Dagger            |   108 |   381 |   412 ||   901
       Headbutt          |    14 |    80 |    87 ||   181
  Use: Scroll            |       |       |    20 ||    20
 Stab: Sleeping          |     9 |     6 |    11 ||    26
       Distracted        |       |     2 |       ||     2
  Eat: Chunk             |     2 |    11 |     6 ||    19
       Royal jelly       |       |     1 |       ||     1
       Meat ration       |       |       |     1 ||     1
Armor: Robe              |    28 |   115 |   107 ||   250
Dodge: Dodged            |   115 |   285 |   374 ||   774
